 Dungeon Crawl Stone Soup version 0.26-a0-519-gb2f46ef (webtiles) character file.

Game seed: 4407386400698843269

286 MrTaco21 the Cudgeler (level 6, 0/37 HPs)
             Began as a Gargoyle Fighter on Aug 11, 2020.
             Slain by an adder (3 damage)
             ... in a sewer.
             The game lasted 00:04:20 (3043 turns).

MrTaco21 the Cudgeler (Gargoyle Fighter)            Turns: 3043, Time: 00:04:20

Health: 0/37       AC: 11    Str: 21    XL:     6   Next: 30%
Magic:  6/6        EV:  7    Int:  9    God:
Gold:   84         SH:  9    Dex:  9    Spells: 5/5 levels left

rFire    + . .     SeeInvis .   a - +0 flail
rCold    . . .     Faith    .   c - +0 kite shield
rNeg     + . .     Spirit   .   b - +0 scale mail
rPois    ∞         Reflect  .   (no helmet)
rElec    +         Harm     .   (no cloak)
rCorr    .                      (no gloves)
MR       .....                  (no boots)
Stlth    ..........             (no amulet)
HPRegen  0.12/turn              i - ring of protection from fire
MPRegen  0.10/turn              (no ring)

@: no status effects
A: negative energy resistance 1, electricity resistance, unbreathing,
petrification resistance, rot immunity, AC +4
a: no special abilities


You were in a sewer.
You visited 1 branch of the dungeon, and saw 3 of its levels.
You also visited: Sewer.

You collected 84 gold pieces.

Inventory:

Hand Weapons
 a - a +0 flail (weapon)
Missiles
 l - 21 poisoned darts (quivered)
Armour
 b - a +0 scale mail (worn)
 c - a +0 kite shield (worn)
 m - a +0 helmet
   (You took it off Robin on level 3 of the Dungeon)
Jewellery
 i - a ring of protection from fire (left hand)
   (You found it on level 1 of the Dungeon)
Scrolls
 e - 2 scrolls of identify {unknown}
 h - a scroll of teleportation {unknown}
 j - a scroll of remove curse {unknown}
 n - a scroll of amnesia {unknown}
 o - a scroll of enchant weapon {unknown}
Potions
 d - 2 potions of might
 f - a potion of cancellation {unknown}
 g - a potion of degeneration {unknown}
 k - a potion of resistance {unknown}
 p - a potion of curing {unknown}
 q - 2 potions of magic {unknown}
 r - a potion of haste {unknown}


   Skills:
 - Level 3.2 Fighting
 + Level 6.4 Maces & Flails
 - Level 3.2 Armour
 - Level 3.2 Shields


You had 5 spell levels left.
You didn't know any spells.
Your spell library contained the following spells:

 Spells                   Type           Power        Failure   Level
 Magic Dart               Conj           #...         99%         1
 Blink                    Tloc           N/A          100%        2
 Call Imp                 Summ           #.......     100%        2
 Slow                     Hex            #.......     100%        2
 Conjure Flame            Conj/Fire      #.......     100%        3
 Mephitic Cloud           Conj/Pois/Air  #.......     100%        3


Dungeon Overview and Level Annotations

Branches:
Dungeon (3/15)              Sewer (1/1)

Altars:
Ashenzari
Ru


Innate Abilities, Weirdness & Mutations

You are resistant to torment.
Your stone body is resilient. (AC +4)
You are immune to poison.
You resist negative energy. (rN+)
You are resistant to electric shocks. (rElec)
You can survive without breathing.
You are immune to petrification.
You are immune to rotting.


Message History

The ball python bites you but does no damage.
The ball python constricts you. The adder bites you but does no damage.
The rat twitches its whiskers.
You completely miss the adder.
The rat splashes around in the water.
The adder bites you.
* * * LOW HITPOINT WARNING * * *
The ball python bites you but does no damage.
The ball python constricts you.
The rat splashes around in the water.
You block the frilled lizard's attack. The adder bites you.
* * * LOW HITPOINT WARNING * * *
The ball python bites you.
* * * LOW HITPOINT WARNING * * *
The ball python constricts you.
The rat splashes around in the water.
You escape the ball python's grasp.
You block the frilled lizard's attack. The adder bites you but does no damage.
The rat twitches its whiskers.
You enter the shallow water.
Moving in this stuff is going to be slow.
You block the rat's attack. The adder bites you.
* * * LOW HITPOINT WARNING * * *
You block the frilled lizard's attack. The adder bites you but does no damage.
You block the adder's attack. Why would you want to do that?
You block the adder's attack. You block the ball python's attack.
The ball python grabs you. The ball python constricts you.
Why would you want to do that?
You escape the ball python's grasp.
The adder bites you.
* * * LOW HITPOINT WARNING * * *
You block the ball python's attack. x2
The adder bites you.
* * * LOW HITPOINT WARNING * * *
You block the adder's attack. The ball python barely misses you.
The ball python closely misses you. Why would you want to do that?
The adder bites you but does no damage.
The ball python bites you but does no damage.
You block the ball python's attack.
The frilled lizard bites you but does no damage.
You block the adder's attack. The ball python bites you.
* * * LOW HITPOINT WARNING * * *
You block the ball python's attack. The adder bites you but does no damage.
The ball python bites you but does no damage.
The ball python grabs you. The ball python constricts you.
The ball python's grasp on you weakens, but your attempt to escape fails.
The frilled lizard bites you but does no damage.
The adder bites you but does no damage.
The ball python bites you but does no damage.
The ball python constricts you.
You escape the ball python's grasp.
The adder bites you.
You die...

##...## #####...#
#..'....# #..#....#
####...##
#################....#
≈≈≈≈≈#.#≈≈≈≈≈≈≈#.....#
≈≈≈≈≈≈..≈≈≈≈≈≈≈≈.....#
≈≈≈≈≈†..≈≈≈≈r≈≈S@....#
≈≈≈≈≈..≈≈≈≈r≈≈≈l....##
≈≈≈≈≈†.r≈≈≈≈rrS≈...##
≈≈≈≈≈≈≈≈≈≈≈≈≈≈r..###
##################


You could see an adder, a ball python, a frilled lizard and 5 rats.

Vanquished Creatures
  A necrophage (D:3)
  Robin (D:3)
  4 gnolls (D:2)
  4 adders
  3 river rats (Sewer)
  A worm (D:2)
  4 leopard geckos
  2 orcs
  3 giant cockroaches
  12 goblins
  9 hobgoblins
  6 jackals
  6 kobolds
  4 ball pythons
  3 bats
  5 frilled lizards
  21 rats
89 creatures vanquished.

Notes
Turn   | Place    | Note
-------+----------+-------------------------------------------
     0 | D:1      | MrTaco21 the Gargoyle Fighter began the quest for the Orb.
     0 | D:1      | Reached XP level 1. HP: 14/14 MP: 1/1
   123 | D:1      | Reached XP level 2. HP: 19/19 MP: 2/2
   161 | D:1      | Found a shattered altar of Ashenzari.
   174 | D:1      | Reached skill level 3 in Maces & Flails
   541 | D:2      | Reached XP level 3. HP: 23/23 MP: 3/3
  1061 | D:2      | Reached skill level 4 in Maces & Flails
  1106 | D:2      | Reached XP level 4. HP: 12/28 MP: 4/4
  1998 | D:2      | Found a sacrificial altar of Ru.
  2298 | D:3      | Noticed a necrophage
  2308 | D:3      | Noticed Robin
  2310 | D:3      | Killed a necrophage
  2310 | D:3      | Reached skill level 5 in Maces & Flails
  2310 | D:3      | Reached XP level 5. HP: 21/32 MP: 5/5
  2535 | D:3      | Killed Robin
  2668 | D:3      | Found a glowing drain.
  2682 | D:3      | Reached skill level 6 in Maces & Flails
  2683 | D:3      | Reached XP level 6. HP: 35/37 MP: 6/6
  2690 | Sewer    | Entered a sewer
  3043 | Sewer    | Slain by an adder

Illustrated notes

Levels and vault maps discovered:
D:1:      wander_arrival_peaceful_grave, layout_rooms,
          nicolae_ashenzari_panopticon
D:2:      layout_basic, minmay_misc_feat_alley, nicolae_ru_path_of_blood
D:3:      layout_basic, gup_sewer_entry_glass, tgw_trog, uniq_robin
Sewer:    sewer_minmay_w

Skill      XL: |  1  2  3  4  5 |
---------------+----------------+-----
Maces & Flails | 3 4 5 6 |  6.4
Fighting       | |  3.2
Armour         | |  3.2
Shields        | |  3.2

Action                   |  1- 3 |  4- 6 || total
-------------------------+-------+-------++-------
Melee: Flail             |   116 |   196 ||   312
Armor: Scale mail        |    65 |   189 ||   254
Dodge: Dodged            |    41 |   115 ||   156
Block: Kite shield       |    59 |   179 ||   238

Table legend: (Time is in decaauts)
 A = Elapsed time spent in this place.
 B = Non-inter-level travel time spent in this place.
 C = Inter-level travel time spent in this place.
 D = Time resting spent in this place.
 E = Time spent auto-exploring this place.
 F = Levels seen in this place.
 G = Mean time per level.
                   A        B        C        D        E       F      G
               +--------+--------+--------+--------+--------+-----+--------+
         Total |   3186 |   3127 |     59 |   1024 |   1250 |   4 |  796.5 |
       Dungeon |   2753 |   2694 |     59 |    946 |   1209 |   3 |  917.7 |
         Sewer |    433 |    433 |      0 |     78 |     41 |   1 |  433.0 |
               +--------+--------+--------+--------+--------+-----+--------+

Top non-repeatable levels by time:
     D:2: 1344 daAuts
     D:1: 1173 daAuts
   Sewer: 433 daAuts
     D:3: 236 daAuts
